 Dungeon Crawl Stone Soup version 0.30.0-29-ga12c61a403 (webtiles) character file.

Game seed: 2274110541770910599

12455 Sensen the Severer (level 11, -1/99 HPs)
             Began as a Hill Orc Monk on June 9, 2023.
             Was a Follower of Qazlal.
             Slain by Norbak the orc warlord
             ... wielding a +2 great mace
             ... created by the wrath of Beogh
              (3 damage)
             ... on level 11 of the Dungeon.
             The game lasted 00:18:07 (10379 turns).

Sensen the Severer (Hill Orc Monk)                 Turns: 10379, Time: 00:18:08

Health: -1/99      AC: 26    Str: 19    XL:     11   Next: 93%
Magic:  12/17      EV: 10    Int: 10    God:    Qazlal [*.....]
Gold:   266        SH:  2    Dex: 13    Spells: 10/10 levels left

rFire   . . .        a - +2 battleaxe (flame)
rCold   . . .        (shield currently unavailable)
rNeg    + . .        f - +0 chain mail
rPois   +            U - +1 hat
rElec   .            N - +2 cloak {rPois}
rCorr   .            P - +1 pair of gloves {Stlth+}
SInv    .            (no boots)
Will    +++..        J - amulet of the Four Winds {rN+ Will+++ Clar} Stlth
                     i - +4 ring of protection
HPRegen 0.36/turn    G - +4 ring of protection
MPRegen 0.15/turn

%: clarity
@: invisible
A: no striking features
a: Renounce Religion


You were on level 11 of the Dungeon.
You worshipped Qazlal.
Qazlal was aware of your devotion.
You visited 2 branches of the dungeon, and saw 12 of its levels.

You collected 637 gold pieces.
You spent 371 gold pieces at shops.

Inventory:

Hand Weapons
 a - a +2 battleaxe of flaming (weapon)
 b - a +0 longbow
Missiles
 e - 3 throwing nets
 n - 4 boomerangs of dispersal (quivered)
 r - 6 javelins
 B - 27 poisoned darts
 C - 9 curare-tipped darts
Armour
 d - an orb of light
 f - a +0 chain mail (worn)
 v - a +3 leather armour of poison resistance
 E - a +0 robe
 N - a +2 cloak of poison resistance (worn)
 P - a +1 pair of gloves of stealth (worn)
 U - a +1 hat (worn)
Jewellery
 i - a +4 ring of protection (left hand)
 D - a ring of resist corrosion
 G - a +4 ring of protection (right hand)
 J - the amulet of the Four Winds (around neck) {rN+ Will+++ Clar}
   (You found it on level 7 of the Dungeon)

   [amulet of nothing]

   rN:        It protects you from negative energy.
   Clar:      It protects you from confusion, rage, mesmerisation and fear.
   Will:      It greatly increases your willpower.
 K - a +6 ring of dexterity
Wands
 I - a wand of flame (25)
 M - a wand of light (6)
 R - a wand of polymorph (6)
 S - a wand of charming (1)
Scrolls
 g - 3 scrolls of magic mapping {unknown}
 h - 3 scrolls of torment
 k - 3 scrolls of vulnerability {unknown}
 m - 3 scrolls of immolation {unknown}
 o - 3 scrolls of enchant armour
 t - a scroll of blinking
 u - 2 scrolls of fog
 w - 2 scrolls of fear
 y - 2 scrolls of silence {unknown}
 z - 3 scrolls of teleportation
Potions
 c - 3 potions of ambrosia
 j - 6 potions of brilliance {unknown}
 l - 2 potions of curing
 p - 2 potions of resistance {unknown}
 q - 3 potions of heal wounds
 x - a potion of lignification {unknown}
 A - 2 potions of attraction {unknown}
 H - 2 potions of berserk rage {unknown}
 O - a potion of haste {unknown}
 Q - a potion of mutation {unknown}
 T - a potion of flight {unknown}
Miscellaneous
 L - a phial of floods


   Skills:
 - Level 10.0 Fighting
 + Level 15.3 Axes
 + Level 9.3 Armour
 + Level 6.4 Dodging
 - Level 8.0 Invocations


You had 10 spell levels left.
You didn't know any spells.
Your spell library contained the following spells:

 Spells                   Type           Power      Damage    Failure   Level
 Apportation              Tloc           0%         N/A       93%         1
 Slow                     Hex            0%         N/A       93%         1
 Summon Small Mammal      Summ           0%         N/A       93%         1
 Cigotuvi's Dreadful Rot  Necr/Pois/Air  0%         N/A       98%         2
 Sublimation of Blood     Necr           0%         N/A       98%         2
 Call Canine Familiar     Summ           0%         N/A       100%        3
 Confusing Touch          Hex            0%         N/A       100%        3
 Frozen Ramparts          Ice            0%         1d1       100%        3
 Inner Flame              Hex/Fire       0%         N/A       100%        3
 Stone Arrow              Conj/Erth      0%         3d7       100%        3
 Summon Guardian Golem    Hex/Summ       0%         N/A       100%        3
 Vampiric Draining        Necr           0%         2d6       100%        3
 Animate Armour           Summ/Erth      0%         N/A       100%        4
 Flame Wave               Conj/Fire      0%         2d4       100%        4
 Ice Form                 Ice/Tmut       0%         N/A       100%        4
 Petrify                  Tmut/Erth      0%         N/A       100%        4
 Sticky Flame             Conj/Fire      0%         2d3       100%        4
 Summon Ice Beast         Ice/Summ       0%         N/A       100%        4
 Alistair's Intoxication  Tmut/Pois      0%         N/A       100%        5
 Irradiate                Conj/Tmut      0%         3d11      100%        5
 Lehudib's Crystal Spear  Conj/Erth      0%         10d2      100%        8


Dungeon Overview and Level Annotations

Branches:
Dungeon (12/15)            Temple (1/1) D:7            Lair (0/5) D:8
    Orc: D:9-12

Altars:
Ashenzari
Cheibriados
Dithmenos
Elyvilon
Fedhas
Gozag
Hepliaklqana
Kikubaaqudgha
Makhleb
Nemelex Xobeh
Okawaru
Qazlal
Ru
Trog
Uskayaw
Vehumet
Wu Jian
Xom
Yredelemnul
Zin
The Shining One

Shops:
D:2 =:((   D:12 [(

Annotations:
D:2 1 runed translucent door, Crazy Yiuf


Message History

Norbak is severely wounded.
You block the orc warrior's attack. Norbak hits you with a +2 great mace!
You hit Norbak. You burn Norbak.
Norbak is severely wounded.
Norbak roars a battlecry!
The orc warrior hits you from afar with a +0 trident!!
You slash Norbak! You burn Norbak.
Norbak is severely wounded.
The orc warrior closely misses you.
You barely miss Norbak.
Norbak is severely wounded.
You hit the orc but do no damage.
The orc warrior hits you from afar with a +0 trident!
* * * LOW HITPOINT WARNING * * *
Norbak hits you with a +2 great mace!
* * * LOW HITPOINT WARNING * * *
The orc closely misses you.
You feel much better. Norbak hits you but does no damage.
You block the orc warrior's attack.
An orc warrior comes into view. It is wielding a +0 trident.
You fade into invisibility!
The orc warrior hits you from afar with a +0 trident.
Norbak hits you but does no damage.
You strike Norbak from behind! You hit Norbak but do no damage.
Norbak is severely wounded.
The orc warrior hits you from afar with a +0 trident!
* * * LOW HITPOINT WARNING * * *
Norbak misses you.
You barely miss Norbak.
Norbak is severely wounded.
The orc warrior hits you from afar with a +0 trident!
* * * LOW HITPOINT WARNING * * *
Norbak hits you with a +2 great mace!
* * * LOW HITPOINT WARNING * * *
You hit Norbak. You burn Norbak.
Norbak is almost dead.
The orc warrior hits you from afar with a +0 trident.
* * * LOW HITPOINT WARNING * * *
Norbak hits you with a +2 great mace.
You die...

#...#.....#.....#............
#...#...........#........##'#
#...#...........#........#...
#...#...........#........#...
#...#.<.......###'####).##..#
#...'......o...#..#.))".+...+
#...#.......ooo#..#.....#...#
###'###...####o#####'########
#...#...#.@o...#....#......
#...#...#..#...#....#......
+#######..#oo#########....#......
..........#.o#...#...####.#######
..........#.o'oooo......#....^+..
..........#..#Ooo#......#.....#..
########..########...####...#####
......'...#..'...#...............
......#...#..#...#.>........>....


You could see Norbak the orc warlord (unable to see you) and an orc warrior
(strong, unable to see you).

Vanquished Creatures
  Gastronok (D:11)
  An orc warlord (D:11)
  Erolcha (D:12)
  A two-headed ogre (D:12)
  An orc sorcerer (D:11)
  A cyclops (D:12)
  A manticore (D:12)
  Maurice (D:9)
  Joseph (D:9)
  2 komodo dragons
  A hornet (D:11)
  Prince Ribbit (D:7)
  Sigmund (D:4)
  3 dancing weapons (D:12)
  6 slime creatures
  3 vampires (D:12)
  15 yaks
  2 wraiths
  2 wyverns (D:9)
  Menkaure (D:7)
  A vampire mosquito (D:12)
  A warg (D:11)
  Edmund (D:5)
  A water moccasin (D:7)
  A sky beast (D:8)
  8 orc warriors
  A black bear (D:7)
  An ice beast (D:7)
  3 ogres
  2 centaurs
  A kobold brigand (D:8)
  A phantom (D:5)
  3 gnoll sergeants
  2 bullfrogs
  5 scorpions
  8 wights
  A howler monkey (D:4)
  4 jellies
  3 orc priests
  A gnoll bouda (D:5)
  A hound (D:5)
  4 sleepcaps
  Ijyb (D:3)
  An iguana (D:4)
  8 orc wizards
  21 gnolls
  7 adders
  2 shadow imps
  A white imp (D:4)
  An ufetubus (D:5)
  A worm (D:4)
  A dart slug (D:1)
  32 orcs
  6 bats
  12 endoplasms
  A giant cockroach (D:1)
  7 goblins
  5 hobgoblins
  4 jackals (D:4)
  6 quokkas
  5 ball pythons
  5 frilled lizards
  22 kobolds
  4 rats
253 creatures vanquished.

Notes
Turn   | Place    | Note
-------+----------+-------------------------------------------
     0 | D:1      | Sensen the Hill Orc Monk began the quest for the Orb.
     0 | D:1      | Reached XP level 1. HP: 19/19 MP: 1/1
   148 | D:1      | Reached XP level 2. HP: 27/27 MP: 2/2
   169 | D:1      | Found a faded altar of an unknown god.
   191 | D:1      | Reached skill level 1 in Invocations
   426 | D:1      | Reached XP level 3. HP: 33/33 MP: 3/3
   913 | D:2      | Found Jeoroy's Book Emporium.
   984 | D:2      | Found Imen's Weapon Shop.
  1030 | D:2      | Reached skill level 5 in Axes
  1030 | D:2      | Reached XP level 4. HP: 40/41 MP: 5/5
  1047 | D:2      | Found Apuuf Futox's Weapon Boutique.
  1131 | D:2      | Found Zenlyan's Jewellery Emporium.
  1267 | D:2      | Found a runed translucent door.
  1272 | D:2      | Noticed Crazy Yiuf
  1522 | D:3      | Noticed Ijyb
  1570 | D:3      | Killed Ijyb
  1571 | D:3      | Reached skill level 5 in Fighting
  1738 | D:3      | Reached XP level 5. HP: 44/48 MP: 6/6
  1793 | D:3      | Reached skill level 6 in Axes
  2471 | D:4      | Got the Folio of Reformed Toxicity
  2474 | D:4      | Found a shadowy altar of Dithmenos.
  2520 | D:4      | Reached XP level 6. HP: 50/56 MP: 8/8
  2594 | D:4      | Reached skill level 7 in Axes
  3000 | D:4      | Noticed Sigmund
  3164 | D:4      | Killed Sigmund
  3165 | D:4      | Reached skill level 8 in Axes
  3165 | D:4      | Reached skill level 5 in Invocations
  3165 | D:4      | Reached XP level 7. HP: 56/61 MP: 8/10
  3267 | D:5      | Entered Level 5 of the Dungeon
  3285 | D:5      | Reached skill level 9 in Axes
  3538 | D:5      | Reached XP level 8. HP: 68/68 MP: 12/12
  3856 | D:5      | Reached skill level 10 in Axes
  3918 | D:2      | Bought a +0 battleaxe of flaming for 191 gold pieces
  4005 | D:5      | Reached skill level 1 in Armour
  4142 | D:5      | Noticed Edmund
  4154 | D:5      | Killed Edmund
  4727 | D:6      | Found a burning altar of Makhleb.
  4728 | D:6      | Found a sacrificial altar of Ru.
  4785 | D:6      | Reached skill level 11 in Axes
  5390 | D:7      | Found a staircase to the Ecumenical Temple.
  5393 | D:7      | Noticed Prince Ribbit
  5405 | D:7      | Killed Prince Ribbit
  5406 | D:7      | Reached XP level 9. HP: 66/79 MP: 10/13
  5408 | Temple   | Entered the Ecumenical Temple
  5580 | D:7      | Noticed Menkaure
  5585 | D:7      | Killed Menkaure
  5751 | D:7      | Reached skill level 12 in Axes
  5760 | D:7      | Became a worshipper of Beogh the Brigand
  5760 | D:7      | Reached * piety under Beogh
  5760 | D:7      | Reached ** piety under Beogh
  5926 | D:7      | Found the amulet of the Four Winds {rN+ Will+++ Clar}
  6931 | D:8      | Identified the +0 robe "Bynaonus" {Harm Archmagi}
  7048 | D:8      | Found a stormy altar of Qazlal.
  7057 | D:8      | Fell from the grace of Beogh
  7057 | D:8      | Became a worshipper of Qazlal Stormbringer
  7248 | D:8      | Found a glowing golden altar of the Shining One.
  7307 | D:8      | Found a staircase to the Lair.
  7308 | D:8      | Noticed a komodo dragon
  7325 | D:8      | Killed a komodo dragon
  7326 | D:8      | Reached skill level 5 in Armour
  7326 | D:8      | Reached XP level 10. HP: 72/91 MP: 12/15
  7461 | D:9      | Noticed Joseph
  7468 | D:9      | Killed Joseph
  7673 | D:9      | Found a bloodstained altar of Trog.
  7727 | D:9      | Noticed Maurice
  7745 | D:9      | Killed Maurice
  7746 | D:9      | Reached skill level 13 in Axes
  8190 | D:9      | Reached skill level 10 in Fighting
  8629 | D:9      | You fall into a shaft and drop 3 floors!
  8737 | D:12     | Reached * piety under Qazlal
  8851 | D:12     | Found Omephita's Antique Armour Shop.
  8859 | D:12     | Bought a pair of runed gloves for 180 gold pieces
  8888 | D:12     | Reached XP level 11. HP: 75/99 MP: 13/17
  8910 | D:12     | Found Toast's Antique Weapon Shoppe.
  8977 | D:12     | Noticed a cyclops
  8978 | D:12     | Noticed a manticore
  8984 | D:12     | Killed a cyclops
  8985 | D:12     | Reached skill level 14 in Axes
  8989 | D:12     | Killed a manticore
  9034 | D:12     | Reached skill level 5 in Dodging
  9085 | D:12     | Noticed a two-headed ogre
  9294 | D:11     | Noticed Orgrim
  9294 | D:11     | Noticed an orc sorcerer
  9298 | D:11     | Killed an orc sorcerer
  9325 | D:11     | Killed Orgrim the orc warlord
  9483 | D:12     | Killed a two-headed ogre
  9549 | D:12     | Noticed Erolcha
  9557 | D:12     | Killed Erolcha
  9557 | D:12     | Reached ** piety under Qazlal
  9722 | D:11     | Reached skill level 15 in Axes
 10016 | D:11     | Noticed Gastronok
 10026 | D:11     | Killed Gastronok
 10171 | D:11     | Paralysed by a hornet for 1 turns
 10344 | D:11     | Noticed Norbak
 10379 | D:11     | HP: 2/99 [orc warrior/+0 trident[the wrath of Beogh] (6)]
 10379 | D:11     | Slain by Norbak the orc warlord

Illustrated notes

Levels and vault maps discovered:
D:1:      dpeg_arrival_shrine, layout_basic,
          hellmonk_ecumenical_altar_pennies_from_heaven
D:2:      layout_rooms, serial_shops, nicolae_shop_peninsula, shop, shop, shop,
          uniq_crazy_yiuf_cottage
D:3:      cheibrodos_fertilizer, layout_basic, chequers_serial_rivers_micro_c,
          minmay_misc_feat_encased, uniq_ijyb
D:4:      layout_rooms, mainiacjoe_overflow_surrounded_room,
          hangedman_decor_clover_reticule, chequers_serial_rivers_large_a,
          uniq_sigmund
D:5:      layout_basic, eino_small_chamber_without_monster,
          chequers_serial_rivers_small_a, uniq_edmund
D:6:      layout_loops_corners, gammafunk_temple_overflow_statue,
          nicolae_sextant
D:7:      layout_gridville, minmay_temple_entry_mini_moons, uniq_prince_ribbit1,
          uniq_menkaure
D:8:      layout_basic, grunt_qazlal_sundering, tso_oasis_becter,
          david_lair_shrubbed
D:9:      layout_loops_ring, mainiacjoe_overflow_cross_hatched, uniq_maurice,
          uniq_joseph
D:11:     layout_grid_maze, david_orc_2, hangedman_incinerator, uniq_gastronok
D:12:     nzn_winding_woodlands_cross [nzn_winding_woodlands_5x15_cabin,
          nzn_winding_woodlands_5x15_concentric,
          nzn_winding_woodlands_5x15_longhouse,
          nzn_winding_woodlands_5x15_lazy_stream,
          nzn_winding_woodlands_15x15_thick_spiral], layout_cave_pods,
          gauntlet_entry_generic, serial_shops, shop, shop, uniq_erolcha
Temple:   nicolae_temple_no_exploring_needed

Skill      XL: |  1  2  3  4  5  6  7  8  9 10 11 |
---------------+----------------------------------+-----
Fighting       | 4 5 7 9 10 | 10.0
Invocations    | 1 2 3 5 6 7 8 |  8.0
Axes           | 5 6 8 9 11 12 13 15 | 15.3
Armour         | 3 5 7 9 |  9.3
Dodging        | 4 6 |  6.4

Action                     |  1- 3 |  4- 6 |  7- 9 | 10-12 || total
---------------------------+-------+-------+-------+-------++-------
  Melee: Hand axe          |    91 |   264 |    75 |       ||   430
         Battleaxe         |       |       |   149 |   298 ||   447
   Fire: Longbow           |       |       |    18 |       ||    18
 Invoke: Convert to Beogh  |       |       |     1 |       ||     1
         Upheaval          |       |       |       |     2 ||     2
    Use: Scroll            |       |       |     8 |     2 ||    10
         Potion            |       |       |       |     6 ||     6
   Stab: Invisible         |       |       |       |     8 ||     8
 Armour: Chain mail        |    54 |    43 |       |   163 ||   260
         Leather armour    |       |    69 |   100 |    20 ||   189
  Dodge: Dodged            |    31 |   128 |   102 |   153 ||   414
  Block: Other             |       |       |       |    17 ||    17
